 Dungeon Crawl Stone Soup version 0.30-a0-118-ga018f8e90f (webtiles) character file.

Game seed: 10991702538645842408

2432 snetch the Cleaver (level 9, 0/118 HPs)
             Began as a Minotaur Berserker on Sept 13, 2022.
             Was a Believer of Trog.
             Succumbed to an orc wizard's poison
             ... on level 5 of the Dungeon.
             The game lasted 00:14:49 (5979 turns).

snetch the Cleaver (Minotaur Berserker)             Turns: 5979, Time: 00:14:50

Health: 0/118      AC: 18    Str: 26    XL:     9   Next: 24%
Magic:  8/8        EV:  9    Int:  4    God:    Trog [**....]
Gold:   285        SH:  3    Dex: 10    Spells: 8/8 levels left

rFire   . . .      SeeInvis .    c - +0 trident (protect)
rCold   + . .      Faith    .    L - +0 buckler
rNeg    . . .      Spirit   .    t - +0 chain mail
rPois   .          Reflect  .    (helmet restricted)
rElec   .          Harm     .    (no cloak)
rCorr   .          Rampage  .    (no gloves)
Will    ++...                    (no boots)
Stlth   ..........               (no amulet)
HPRegen 1.29/turn                o - ring of protection from cold
MPRegen 0.11/turn                (no ring)

@: berserking, lethally poisoned (0 -> -18), strong-willed, under a protective
aura, regenerating, very quick
A: horns 2, retaliatory headbutt
a: Renounce Religion, Berserk, Trog's Hand


You were on level 5 of the Dungeon.
You worshipped Trog.
Trog was pleased with you.
You visited 2 branches of the dungeon, and saw 7 of its levels.
You also visited: Ossuary.

You collected 299 gold pieces.
You spent 14 gold pieces at shops.

Inventory:

Hand Weapons
 a - a +0 hand axe
 b - a +2 whip of flaming
 c - a +0 trident of protection (weapon)
 u - a +0 scythe
 M - a +2 dagger of electrocution
Missiles
 y - a poisoned dart (quivered)
 I - 4 stones
Armour
 t - a +0 chain mail (worn)
 A - a +2 robe of willpower
 L - a +0 buckler (worn)
Jewellery
 o - a ring of protection from cold (left hand)
 J - a ring of fire
Wands
 h - a wand of paralysis (11)
Scrolls
 d - 3 scrolls of teleportation {unknown}
 g - 4 scrolls of poison {unknown}
 i - a scroll of fear {unknown}
 k - 7 scrolls of identify {unknown}
 n - a scroll of butterflies {unknown}
 p - 2 scrolls of silence {unknown}
 q - a scroll of enchant weapon {unknown}
 v - 2 scrolls of enchant armour {unknown}
 w - a scroll of summoning {unknown}
 z - a scroll of magic mapping {unknown}
 C - a scroll of acquirement {unknown}
 G - a scroll of immolation {unknown}
Potions
 e - a potion of attraction {unknown}
 f - 3 potions of haste {unknown}
 j - 2 potions of cancellation {unknown}
 l - 3 potions of mutation {unknown}
 m - a potion of degeneration {unknown}
 r - 3 potions of resistance {unknown}
 s - 2 potions of ambrosia {unknown}
 x - a potion of flight {unknown}
 B - 2 potions of brilliance {unknown}
 D - 2 potions of heal wounds {unknown}
 E - a potion of magic {unknown}
 F - 2 potions of lignification {unknown}
 H - 2 potions of invisibility {unknown}
 K - 5 potions of curing


   Skills:
 + Level 7.0 Fighting
 + Level 9.4(9.6) Axes
 + Level 2.6(6.5) Maces & Flails
 + Level 2.9 Throwing
 + Level 8.7 Armour
 + Level 4.3 Dodging
 + Level 0.4 Stealth


You had 8 spell levels left.
You didn't know any spells.
Your spell library contained the following spells:

 Spells                   Type           Power      Damage    Failure   Level
 Magic Dart               Conj           0%         1d3       99%         1
 Call Imp                 Summ           0%         N/A       99%         2
 Gell's Gravitas          Tloc           0%         N/A       100%        3
 Lesser Beckoning         Tloc           0%         N/A       100%        3
 Mephitic Cloud           Conj/Pois/Air  0%         N/A       100%        3
 Teleport Other           Tloc           0%         N/A       100%        3
 Tukima's Dance           Hex            0%         N/A       100%        3
 Passage of Golubria      Tloc           0%         N/A       100%        4
 Yara's Violent Unravell  Hex/Tmut       0%         3d3       100%        5


Dungeon Overview and Level Annotations

Branches:
Dungeon (6/15)             Temple (1/1) D:4         Ossuary (visited)

Altars:
Ashenzari
Dithmenos
Elyvilon
Hepliaklqana
Kikubaaqudgha
Makhleb
Nemelex Xobeh
Okawaru
Qazlal
Ru
Sif Muna
Uskayaw
Vehumet
Wu Jian

Shops:
D:1 (


Innate Abilities, Weirdness & Mutations

You have a pair of horns on your head.
You reflexively headbutt those who attack you in melee.


Message History

You feel very sick. Something hits you but does no damage.
You are more poisoned.
You completely miss something. You headbutt something.
You feel very sick.
You hear some strange, mumbled words.
Something tries to affect you, but you resist.
You miss something.
You feel very sick. Something hits you but does no damage.
You are lethally poisoned!
A red film seems to cover your vision as you go berserk!
You feel yourself moving faster!
You feel mighty!
* * * LOW HITPOINT WARNING * * *
You feel very sick. Something hits you but does no damage.
You are lethally poisoned!
You closely miss something.
* * * LOW HITPOINT WARNING * * *
You feel very sick. Something hits you but does no damage.
You are more poisoned.
You puncture something!
Your weapon exudes an aura of protection.
Trog accepts your kill.
Trog appreciates your killing of a magic user.
Reactivating autopickup.
You feel a bit more experienced.
* * * LOW HITPOINT WARNING * * *
You feel very sick.
Your Fighting skill increases to level 7!
You are too berserk!
You are possessed by a berserker rage.
You are lethally poisoned (3 -> -14).
Your willpower is greatly increased.
Your weapon is exuding a protective aura.
You are regenerating.
Your movement speed is very quick.
Your attack delay is about 0.7.
Your damage rating with your +0 trident of protection is about 15 (Base 9 x 140% (Str) x 123% (Skill)).
Unknown command.
You die...

######......##
##............#
........####..#
...####.# #..# # #.#
#..# ###.# #..# #...#
#..# #.### #.##
#########@# #.#
.........)# #.#
...#####...).######.#
....................#
#..#####.....######.#
#......## #.#
###.....## #.#
####.......###.#######
#..................>..#


There were no monsters in sight!

Vanquished Creatures
  Pikel (D:4)
  Grinder (D:3)
  Sigmund (D:4)
  A wraith (Ossuary)
  The ghost of shadownightmare the Ducker, an amateur GnMo of Ashenzari (D:4)
  Duvessa (D:5)
  A sky beast (D:6)
  2 black bears
  2 ice beasts (D:4)
  4 lemures (D:4)
  2 elf zombies (Ossuary)
  A gnoll sergeant (D:6)
  Dowan (D:5)
  A hound (D:5)
  2 jellies (D:6)
  An orc priest (D:4)
  Ijyb (D:3)
  Jessica (D:2)
  2 orc wizards (D:5)
  2 iguanas
  Natasha (D:4)
  A bullfrog simulacrum (D:4)
  A centaur simulacrum (D:4)
  A scorpion simulacrum (D:4)
  3 mummies (Ossuary)
  4 gnolls (D:6)
  7 adders
  2 ufetubi (D:4)
  A worm (D:4)
  5 dart slugs
  An adder simulacrum (D:4)
  7 orcs
  9 ball pythons
  5 endoplasms
  2 giant cockroaches
  2 goblins
  10 hobgoblins
  3 quokkas
  5 bats
  5 frilled lizards
  4 goblin zombies (Ossuary)
  A hobgoblin zombie (Ossuary)
  7 kobolds
  A kobold zombie (Ossuary)
  9 rats
  2 rat zombies (D:4)
128 creatures vanquished.

Notes
Turn   | Place    | Note
-------+----------+-------------------------------------------
     0 | D:1      | snetch the Minotaur Berserker began the quest for the Orb.
     0 | D:1      | Reached XP level 1. HP: 19/19 MP: 0/0
   124 | D:1      | Reached skill level 4 in Axes
   183 | D:1      | Reached XP level 2. HP: 25/27 MP: 1/1
   271 | D:1      | Found a faded altar of an unknown god.
   629 | D:1      | Found Dies Qis's Weapon Emporium.
   640 | D:1      | Reached XP level 3. HP: 26/33 MP: 2/2
   704 | D:1      | Bought 3 poisoned darts for 14 gold pieces
  1037 | D:1      | Reached ** piety under Trog
  1597 | D:2      | Reached skill level 5 in Axes
  1597 | D:2      | Reached XP level 4. HP: 40/40 MP: 3/3
  1758 | D:2      | Noticed Jessica
  1764 | D:2      | Killed Jessica
  1765 | D:2      | Reached skill level 1 in Throwing
  2130 | D:3      | Noticed Grinder
  2130 | D:3      | Paralysed by Grinder for 3 turns
  2160 | D:3      | Killed Grinder
  2161 | D:3      | Reached skill level 6 in Axes
  2161 | D:3      | Reached XP level 5. HP: 24/47 MP: 4/4
  2161 | D:3      | Reached XP level 6. HP: 27/53 MP: 5/5
  2393 | D:3      | Noticed Ijyb
  2410 | D:3      | Killed Ijyb
  2465 | D:4      | Noticed an ice beast
  2507 | D:4      | Noticed Sigmund
  2521 | D:4      | Killed Sigmund
  2522 | D:4      | Reached skill level 7 in Axes
  2576 | D:4      | Noticed Pikel
  2631 | D:4      | Killed Pikel
  2632 | D:4      | Reached skill level 5 in Fighting
  2632 | D:4      | Reached XP level 7. HP: 15/61 MP: 6/6
  2643 | D:4      | Found a sand-covered staircase.
  2655 | Ossuary  | Entered an ossuary
  2655 | Ossuary  | Noticed a wraith
  2655 | Ossuary  | Noticed a wraith
  2655 | Ossuary  | Noticed a wraith
  2902 | Ossuary  | Reached skill level 8 in Axes
  2902 | Ossuary  | Reached XP level 8. HP: 68/68 MP: 7/7
  3561 | D:3      | Found a sacrificial altar of Ru.
  4288 | D:5      | Entered Level 5 of the Dungeon
  4580 | D:4      | Noticed Natasha
  4590 | D:4      | Killed Natasha
  4614 | D:4      | Found a staircase to the Ecumenical Temple.
  4635 | Temple   | Entered the Ecumenical Temple
  5003 | D:4      | Found a runed translucent gate.
  5003 | D:4      | Found a runed translucent gate.
  5003 | D:4      | Found a runed translucent gate.
  5021 | D:4      | Reached skill level 9 in Axes
  5025 | D:4      | Reached *** piety under Trog
  5052 | D:4      | Noticed shadownightmare's ghost (amateur GnMo)
  5065 | D:4      | Killed shadownightmare's ghost
  5066 | D:4      | Reached skill level 1 in Maces & Flails
  5428 | D:6      | Reached XP level 9. HP: 34/78 MP: 8/8
  5704 | D:5      | Noticed Duvessa
  5719 | D:5      | Noticed Dowan
  5735 | D:5      | Killed Dowan
  5737 | D:5      | Killed Duvessa
  5978 | D:5      | HP: 3/117 [poisoned by an orc wizard]
  5979 | D:5      | Succumbed to an orc wizard's poison

Illustrated notes

Levels and vault maps discovered:
D:1:      dpeg_arrival_tiny_d, layout_basic,
          hellmonk_ecumenical_altar_pennies_from_heaven, serial_shops,
          nicolae_shop_bloodbath_and_beyond, minmay_door_square,
          minmay_pentomino_t2
D:2:      minmay_chambers_of_ones, layout_basic, uniq_jessica
D:3:      layout_loops_ring, lemuel_crystal_altar, grunt_ministairs_9,
          uniq_ijyb, uniq_grinder
D:4:      dreamdust_elfheim, layout_loops_corners, minmay_temple_entry_wispy,
          gammafunk_ghost_icy, enter_ossuary_4, chequers_serial_rivers_small_b,
          uniq_pikel, uniq_natasha, uniq_sigmund
D:5:      layout_loops_ring, mainiacjoe_overflow_alcove_1, uniq_menkaure,
          uniq_duvessa, uniq_prince_ribbit1
D:6:      layout_basic
Temple:   dshaligram_water_room_temple

Skill      XL: |  1  2  3  4  5  6  7  8  9 |
---------------+----------------------------+-----
Axes           | 4 5 6 7 8 9 |  9.4
Fighting       | 4 5 6 7 |  7.0
Throwing       | 1 2 |  2.9
Armour         | 3 6 8 |  8.7
Dodging        | 3 4 |  4.3
Maces & Flails | 1 2 |  2.6
Stealth        | |  0.4

Action                   |  1- 3 |  4- 6 |  7- 9 || total
-------------------------+-------+-------+-------++-------
Melee: Hand axe          |    86 |    98 |   136 ||   320
       Headbutt          |    15 |    11 |    42 ||    68
       Punch             |       |       |     2 ||     2
       Whip              |       |       |    55 ||    55
       Trident           |       |       |    32 ||    32
Throw: Stone             |    13 |     2 |     5 ||    20
       Dart              |     6 |    11 |     1 ||    18
Invok: Trog's Hand       |       |     3 |     4 ||     7
       Berserk           |       |     2 |     5 ||     7
  Use: Potion            |       |       |     1 ||     1
Armor: Ring mail         |    29 |       |       ||    29
       Chain mail        |       |    26 |   128 ||   154
Dodge: Dodged            |    51 |    37 |    85 ||   173
Block: Buckler           |       |       |     1 ||     1

Table legend: (Time is in decaauts)
 A = Elapsed time spent in this place.
 B = Non-inter-level travel time spent in this place.
 C = Inter-level travel time spent in this place.
 D = Time resting spent in this place.
 E = Time spent auto-exploring this place.
 F = Levels seen in this place.
 G = Mean time per level.
                   A        B        C        D        E       F      G
               +--------+--------+--------+--------+--------+-----+--------+
         Total |   6025 |   5704 |    321 |    203 |   3920 |   8 |  753.1 |
       Dungeon |   5073 |   4772 |    301 |    203 |   3125 |   6 |  845.5 |
        Temple |     93 |     73 |     20 |      0 |     59 |   1 |   93.0 |
       Ossuary |    858 |    858 |      0 |      0 |    735 |   1 |  858.0 |
               +--------+--------+--------+--------+--------+-----+--------+

Top non-repeatable levels by time:
     D:4: 1383 daAuts
     D:1: 1126 daAuts
     D:2: 970 daAuts
     D:3: 951 daAuts
 Ossuary: 858 daAuts
     D:5: 527 daAuts
     D:6: 113 daAuts
  Temple: 93 daAuts
